Map: At Eternity's Edge LE

Players

EvolvE

  • Race: Terran Terran
  • League: Grandmaster
  • Spawn Location: 11:00

RipNHammer - Winner!

  • Race: Terran Terran
  • League: Master
  • Spawn Location: 5:00

VOD

Have the link to the VOD?

Description

Time

  • Played on: Sept. 6, 2026, 12:11 p.m.
  • Length: 19:03
Show
View Real Time Build Order
Export as new Build Order

EvolvE Terran 

Build Orders:  

Get SALT Encoding   

  8  0:00  SCV  
  9  0:12  SCV  
  10  0:24  SCV  
  11  0:29  Supply Depot  
  11  0:36  SCV  
  12  0:48  SCV  
  13  0:54  Barracks  
  13  1:01  SCV  
  14  1:05  Refinery  
  14  1:13  SCV  
  15  1:18  Refinery  
  15  1:25  SCV  
  16  1:41  Orbital Command  
  16  1:45  Reaper  
  17  1:51  Supply Depot  
  17  2:07  SCV  
  18  2:12  Factory  
  18  2:19  SCV  
  18  2:20  Reaper  
  20  2:32  SCV  
  21  2:43  Command Center  
  21  2:47  SCV  
  22  2:57  Hellion  
  24  3:00  SCV  
  25  3:09  Barracks Reactor  
  26  3:12  Starport, SCV  
  26  3:20  Supply Depot  
  26  3:29  SCV  
  26  3:43  SCV  
  26  3:46  Marine x2  
  26  3:47  Factory Tech Lab  
  29  3:53  Medivac  
  31  3:57  SCV  
  32  4:05  Marine  
  32  4:06  Marine  
  32  4:07  Cyclone  
  37  4:18  SCV  
  37  4:22  Orbital Command  
  37  4:23  Refinery  
  38  4:24  Marine x2  
  38  4:25  Starport Tech Lab  
  40  4:36  SCV  
  41  4:41  Siege Tank  
  41  4:43  Marine  
  41  4:44  Marine, Supply Depot  
  46  4:48  SCV  
  46  4:49  SCV  
  48  4:56  Raven  
  50  5:05  SCV x2  
  52  5:09  Marine x2  
  54  5:15  Siege Tank  
  54  5:17  SCV  
  58  5:24  Supply Depot  
  58  5:25  SCV, Supply Depot  
  55  5:31  Marine x2  
  55  5:32  SCV  
  58  5:45  SCV, Raven  
  58  5:47  Supply Depot  
  58  5:49  Supply Depot, Siege Tank  
  63  5:55  Marine x2  
  64  6:03  SCV x2  
  66  6:13  Command Center  
  66  6:14  Marine x2  
  66  6:15  SCV  
  69  6:32  SCV x2  
  71  6:38  Starport Reactor  
  71  6:41  Barracks  
  71  6:42  Barracks  
  71  6:44  SCV x2  
  73  6:49  Marine, Siege Tank  
  73  6:51  Stimpack  
  77  7:00  SCV  
  77  7:06  Marine  
  68  7:09  SCV  
  65  7:24  Marine  
  65  7:25  Siege Tank, Viking  
  65  7:26  Viking, SCV  
  71  7:36  SCV  
  65  7:39  SCV  
  65  7:40  Orbital Command  
  65  7:41  Marine x2  
  65  7:42  Barracks Reactor, Marine  
  69  7:54  SCV  
  69  7:56  SCV  
  71  7:59  Marine x2, Refinery  
  71  8:00  Marine, Engineering Bay  
  71  8:01  Engineering Bay  
  71  8:03  Viking  
  76  8:06  Orbital Command, SCV  
  76  8:08  SCV  
  78  8:16  Siege Tank, Marine  
  78  8:18  SCV  
  83  8:20  Barracks  
  83  8:22  Barracks  
  83  8:27  Terran Infantry Weapons Level 1, Terran Infantry Armor Level 1  
  83  8:34  SCV  
  83  8:35  SCV, Marine x4  
  83  8:40  Marine  
  83  8:41  Combat Shield  
  90  8:47  Supply Depot  
  90  8:48  Supply Depot  
  91  8:53  Marine x2  
  91  9:02  Marine x2  
  88  9:03  Marine, Siege Tank, Medivac  
  88  9:09  SCV  
  98  9:10  SCV  
  98  9:11  Orbital Command, Marine x2  
  98  9:13  Medivac  
  102  9:20  Marine x3  
  99  9:29  Marine  
  95  9:31  Marine  
  95  9:35  SCV x2  
  95  9:38  Marine x2  
  98  9:40  Marine  
  98  9:41  Siege Tank, Medivac  
  106  9:45  SCV  
  106  9:46  Marine  
  106  9:47  SCV  
  106  9:48  Barracks Reactor x2  
  106  9:49  Marine  
  90  10:06  Marine x2  
  90  10:07  Marine x2, Medivac  
  90  10:08  SCV x2  
  90  10:11  Armory, SCV  
  97  10:16  Marine  
  97  10:20  SCV x2  
  100  10:23  SCV  
  100  10:24  Marine x7  
  100  10:28  Supply Depot  
  108  10:33  Marine x2  
  108  10:34  Siege Tank  
  110  10:48  Marine x3  
  110  10:49  Marauder  
  111  10:53  SCV x2  
  111  10:56  Marine  
  113  10:57  Medivac x2  
  113  10:58  Barracks Tech Lab  
  113  10:59  Barracks Tech Lab  
  108  11:05  SCV x2  
  108  11:06  Marine x3  
  108  11:07  Concussive Shells  
  108  11:10  Marauder  
  106  11:19  Marine x3  
  106  11:24  Marine  
  106  11:25  Marine  
  111  11:29  SCV x3  
  111  11:31  Supply Depot  
  111  11:32  Marauder, Refinery x2  
  116  11:34  Marine, Command Center  
  116  11:37  Marine, Supply Depot  
  116  11:38  Marauder x2, Siege Tank  
  125  11:41  SCV x2  
  125  11:47  Supply Depot x2  
  127  11:48  Supply Depot  
  127  11:52  SCV  
  127  11:53  Marauder  
  130  11:58  Supply Depot  
  130  11:59  SCV x2  
  132  12:01  Supply Depot  
  132  12:03  Terran Infantry Weapons Level 2  
  132  12:07  Marine x4  
  132  12:08  Marauder  
  138  12:09  SCV  
  138  12:11  SCV x2  
  141  12:19  Marine x2, Supply Depot x2  
  141  12:21  SCV  
  141  12:29  Marauder  
  121  12:35  Marine x2  
  121  12:36  Marine x2, Siege Tank, Medivac x2  
  112  12:37  Marauder x2  
  103  12:45  SCV x2  
  103  12:46  SCV  
  103  12:50  Marine  
  107  12:53  Marine  
  107  12:57  SCV x2  
  107  12:58  SCV, Marine x2, Marauder  
  113  13:04  Factory  
  112  13:08  Siege Tank  
  112  13:09  SCV, Barracks  
  112  13:10  Barracks  
  116  13:14  Planetary Fortress  
  116  13:15  Marine  
  116  13:16  Marine  
  118  13:20  SCV, Marine  
  118  13:23  SCV  
  118  13:24  Refinery  
  118  13:25  Refinery  
  118  13:26  Barracks  
  121  13:29  Marine x2  
  121  13:30  Marauder x2, Medivac  
  121  13:32  SCV  
  130  13:37  Missile Turret  
  130  13:40  Missile Turret  
  130  13:41  Marine x2, Missile Turret x2  
  131  13:44  Marine  
  131  13:47  Marine x2  
  135  13:51  Marine  
  135  13:52  Command Center  
  135  13:53  Factory Tech Lab  
  134  14:03  Marine  
  134  14:04  Marine  
  134  14:05  Marine x2  
  134  14:07  Marine x2  
  134  14:08  Marauder  
  134  14:09  Marine, Siege Tank  
  143  14:23  Marine  
  143  14:24  Marine x2  
  137  14:27  SCV x4, Marine  
  137  14:30  Barracks Tech Lab  
  142  14:38  Marine x2  
  142  14:39  SCV x4, Marauder, Missile Turret, Barracks Tech Lab  
  142  14:41  Barracks Tech Lab  
  142  14:43  Terran Infantry Weapons Level 3  
  149  14:46  Terran Infantry Armor Level 2  
  149  14:49  Marine x3  
  149  14:51  SCV  
  153  14:55  Marine  
  153  14:56  Marine, Marauder  
  155  15:05  Marine x2  
  157  15:14  Marine  
  157  15:18  Marine x2  
  157  15:19  Marine, Marauder x2, Siege Tank  
  157  15:20  Siege Tank  
  165  15:31  Marine x4  
  165  15:33  Marine  
  165  15:36  Marine  
  165  15:41  Marauder x2  
  165  15:42  Marine x2  
  170  15:49  Marine x2, Marauder  
  177  15:50  Marauder  
  177  15:51  Marine  
  177  15:53  SCV x2  
  177  15:54  Marine  
  181  16:00  Marine x2  
  181  16:02  Marine, Marauder  
  158  16:07  Marine x2  
  158  16:08  Siege Tank, Medivac  
  158  16:09  Marine  
  158  16:11  Marine, Marauder  
  157  16:12  Marine  
  157  16:18  Siege Tank, Marine x2  
  162  16:20  Marauder  
  162  16:23  SCV, Marauder  
  162  16:25  Marine x2  
  157  16:26  Marine  
  157  16:29  Marauder  
  157  16:32  Marine x2  
  159  16:36  Marine x2  
  164  16:40  SCV x2  
  164  16:41  SCV, Marine  
  164  16:43  Marauder  
  164  16:45  Marine x2  
  168  16:49  Marine  
  168  16:50  Marauder  
  168  16:52  SCV x2  
  168  16:53  SCV x2  
  175  16:55  Medivac  
  177  17:04  SCV  
  177  17:08  Medivac, Marine x2  
  182  17:09  Marauder  
  182  17:10  Siege Tank  
  182  17:12  SCV  
  182  17:14  Marine  
  182  17:15  Siege Tank  
  192  17:18  SCV x3  
  192  17:20  Missile Turret  
  195  17:24  SCV  
  194  17:36  Marine x4  
  194  17:37  Marine, Marauder x2  
  196  17:43  Planetary Fortress  
  199  17:45  Missile Turret  
  199  17:52  Refinery, Command Center  
  199  17:55  Missile Turret  
  199  18:09  Starport Reactor  
  125  18:27  Marine x4  
  125  18:28  Marine, Marauder x2  
  125  18:29  Marauder x2, Siege Tank x2  
  125  18:32  Marine  
Show
View Real Time Build Order
Export as new Build Order

RipNHammer Terran - Winner!

Build Orders: Mech 

Get SALT Encoding   

  8  0:01  SCV  
  9  0:13  SCV  
  10  0:25  SCV  
  11  0:37  SCV  
  11  0:40  Supply Depot  
  12  0:49  SCV  
  13  1:01  SCV  
  13  1:02  Barracks  
  14  1:06  Refinery  
  14  1:13  SCV  
  15  1:18  Refinery  
  15  1:26  SCV  
  16  1:38  SCV  
  17  1:49  Reaper  
  17  1:52  Orbital Command  
  18  2:08  Factory  
  18  2:18  SCV  
  19  2:23  Reaper  
  20  2:30  SCV, Supply Depot  
  21  2:49  Command Center  
  21  2:52  SCV  
  22  3:04  SCV  
  23  3:10  Supply Depot  
  23  3:13  Starport, Factory Tech Lab  
  23  3:16  SCV  
  23  3:17  Barracks Reactor  
  23  3:28  SCV  
  24  3:40  SCV  
  25  3:41  Cyclone  
  28  3:50  Starport Tech Lab  
  28  3:52  SCV  
  28  3:55  Supply Depot  
  29  3:56  Marine x2  
  31  4:04  SCV  
  32  4:14  Marine x2  
  32  4:17  SCV  
  35  4:22  Raven  
  35  4:23  Interference Matrix  
  36  4:29  SCV  
  37  4:33  Orbital Command  
  37  4:38  Marine x2  
  39  4:39  Refinery  
  39  4:41  SCV  
  40  4:47  Refinery  
  39  4:55  Siege Tank  
  39  4:59  SCV  
  43  5:00  Marine x2  
  43  5:01  SCV  
  46  5:14  SCV  
  47  5:18  Marine x2  
  47  5:20  Raven  
  47  5:21  SCV  
  52  5:23  Supply Depot  
  51  5:36  SCV x2, Marine  
  51  5:38  Siege Tank  
  57  5:48  SCV  
  58  5:52  Command Center  
  57  6:03  SCV  
  58  6:09  SCV  
  58  6:10  Siege Tank  
  62  6:15  Supply Depot, SCV  
  62  6:16  Raven  
  65  6:21  SCV  
  65  6:35  Marine  
  65  6:36  Marine  
  65  6:37  SCV  
  65  6:38  Supply Depot  
  68  6:44  Command Center  
  68  6:46  SCV  
  69  6:47  Siege Tank  
  69  6:49  SCV  
  73  6:55  Factory  
  73  6:58  SCV  
  73  7:00  Raven  
  70  7:13  SCV x2  
  70  7:15  Marine x2  
  74  7:25  SCV  
  75  7:33  Siege Tank  
  78  7:39  SCV  
  79  7:52  Factory Tech Lab  
  79  7:53  SCV x2  
  79  7:57  Orbital Command  
  81  7:59  Factory  
  81  8:02  Refinery  
  81  8:05  SCV  
  82  8:10  Refinery  
  82  8:11  SCV  
  82  8:12  Cyclone x2  
  89  8:13  Mag-Field Accelerator  
  89  8:14  Refinery  
  89  8:17  SCV  
  89  8:19  Orbital Command  
  90  8:20  Engineering Bay, Supply Depot x2  
  90  8:27  SCV  
  91  8:29  SCV  
  92  8:39  SCV, Viking  
  95  8:41  Viking, SCV  
  95  8:43  Supply Depot  
  95  8:44  Armory x2  
  95  8:46  Cyclone, Siege Tank  
  104  8:51  SCV  
  104  8:53  SCV  
  106  8:59  Siege Tank  
  109  9:06  SCV  
  109  9:09  SCV x2  
  112  9:11  Factory  
  112  9:12  Supply Depot  
  112  9:18  Cyclone  
  113  9:28  Siege Tank  
  113  9:29  Viking  
  113  9:31  SCV  
  119  9:33  Terran Vehicle Weapons Level 1, Terran Vehicle And Ship Armor Level 1, Supply Depot, Viking  
  121  9:44  Cyclone  
  121  9:45  SCV x2  
  126  9:48  Supply Depot  
  115  10:08  Siege Tank, Cyclone  
  115  10:10  Factory Reactor  
  115  10:11  Viking x2  
  115  10:12  SCV  
  115  10:13  SCV  
  127  10:17  SCV  
  128  10:23  Command Center  
  128  10:24  Siege Tank  
  128  10:25  SCV x2  
  128  10:26  Refinery  
  128  10:27  Refinery  
  128  10:28  Missile Turret  
  133  10:29  Factory  
  133  10:33  SCV  
  134  10:37  SCV  
  120  11:00  Cyclone, Siege Tank  
  120  11:01  Hellion  
  125  11:04  Cyclone  
  125  11:05  SCV  
  125  11:10  Hellion, Viking  
  107  11:22  Hellion  
  106  11:26  Factory Tech Lab  
  106  11:31  Hellion  
  106  11:32  Siege Tank, Cyclone  
  112  11:33  Liberator  
  112  11:36  Siege Tank  
  117  11:40  Orbital Command  
  117  11:47  Missile Turret, Refinery  
  117  11:51  Refinery  
  117  11:52  Missile Turret  
  119  11:54  Hellion x2  
  119  11:55  SCV, Infernal Pre-Igniter  
  119  11:56  Missile Turret  
  119  11:57  Missile Turret  
  119  12:01  SCV  
  123  12:04  Cyclone x2  
  123  12:07  SCV x2  
  131  12:08  Cyclone  
  131  12:13  SCV  
  135  12:19  SCV x2  
  134  12:25  SCV  
  111  12:44  Cyclone, Siege Tank, SCV, Hellion  
  112  12:45  SCV  
  112  12:47  Cyclone  
  112  12:48  Siege Tank, Hellion  
  112  12:50  Terran Vehicle Weapons Level 2, Terran Vehicle And Ship Armor Level 2  
  124  12:52  Command Center  
  122  13:01  SCV x3  
  125  13:09  Hellion  
  127  13:14  Missile Turret  
  127  13:15  Hellion, SCV  
  127  13:16  SCV  
  131  13:20  Sensor Tower  
  131  13:22  Cyclone, Missile Turret, Siege Tank, Hellion x2  
  131  13:26  SCV  
  142  13:30  SCV  
  143  13:35  Missile Turret  
  143  13:39  Command Center  
  143  13:43  Missile Turret  
  143  13:46  Supply Depot  
  142  13:50  Supply Depot x2, Siege Tank, Cyclone, Hellion  
  142  13:53  SCV  
  151  13:58  Hellion  
  151  14:01  Cyclone, Siege Tank  
  157  14:13  Hellion  
  159  14:20  SCV  
  159  14:22  Cyclone, Siege Tank  
  159  14:27  Hellion  
  155  14:33  Cyclone, Siege Tank  
  155  14:35  Hellion  
  163  14:38  Refinery  
  163  14:40  Liberator  
  166  14:48  Hellion, Refinery  
  168  14:54  Cyclone x2  
  168  14:57  Hellion  
  163  15:05  Cyclone x2  
  167  15:15  Hellion  
  169  15:26  Cyclone, Siege Tank  
  161  15:37  Cyclone, Siege Tank, Hellion  
  161  15:40  Hellion  
  168  15:58  Cyclone, Siege Tank, Hellion  
  169  16:10  Cyclone, Siege Tank, Hellion  
  175  16:12  Orbital Command  
  172  16:22  Hellion  
  169  16:30  Orbital Command, Cyclone, Siege Tank  
  169  16:31  Hellion  
  174  16:40  Missile Turret  
  174  16:42  Cyclone, Siege Tank  
  174  16:44  Hellion  
  182  16:53  Hellion  
  184  16:59  Missile Turret, Refinery  
  184  17:02  Cyclone  
  184  17:03  Cyclone  
  184  17:05  Hellion  
  192  17:09  Missile Turret  
  192  17:10  SCV  
  192  17:12  SCV x2  
  195  17:34  Cyclone  
  195  17:36  Hellion  
  196  17:37  Hellion x2  
  196  17:47  Missile Turret, Sensor Tower  
  196  17:49  Missile Turret  
  196  17:51  Cyclone, SCV  
  196  17:55  Missile Turret  
  181  18:28  SCV x2  
  183  18:35  Hellion x2  
  183  18:39  SCV  
Tags
 
Composition
Mech
Matchup
TvT
Race
Terran
Replay Pack
RipNHammer
Spawn Locations
Cross Positions
Add a new tag
Caveats
  • Supply blocks, unpowered buildings, or Contaminate may cause inaccurate times.
  • Supply counts are checked every 10 seconds.